 Dungeon Crawl Stone Soup version 0.31-a0-833-gc15d34cb79 (webtiles) character file.

Game seed: 10407578107890382183

91 greasedhog the Trooper (level 4, -1/50 HPs)
             Began as an Ogre Fighter on Sept 25, 2023.
             Slain by Ijyb
             ... wielding a +0 club
              (5 damage)
             ... on level 3 of the Dungeon.
             The game lasted 00:01:47 (1680 turns).

greasedhog the Trooper (Ogre Fighter)               Turns: 1680, Time: 00:01:47

Health: -1/50      AC:  3    Str: 22    XL:     4   Next: 59%
Magic:  4/4        EV:  8    Int:  9    God:
Gold:   77         SH:  0    Dex:  8    Spells: 3/3 levels left

rFire   . . .        a - +0 flail
rCold   . . .        c - +0 kite shield
rNeg    . . .        b - +0 robe
rPois   .            (helmet restricted)
rElec   .            (no cloak)
rCorr   .            (gloves unavailable)
SInv    .            (boots unavailable)
Will    .....        (no amulet)
Stlth   +            (no ring)
HPRegen 0.28/turn    (no ring)
MPRegen 0.09/turn

%: no passive effects
@: confused, mighty
A: large, unfitting armour, tough skin 1
a: no special abilities


You were on level 3 of the Dungeon.
You visited 1 branch of the dungeon, and saw 3 of its levels.

You collected 77 gold pieces.

Inventory:

Hand Weapons
 a - a +0 flail (weapon)
Missiles
 n - 2 poisoned darts (quivered)
Armour
 b - a +0 robe (worn)
 c - a +0 kite shield (worn)
Jewellery
 h - an amulet of magic regeneration
Scrolls
 e - 2 scrolls of enchant weapon {unknown}
 g - a scroll of noise {unknown}
 i - a scroll of poison {unknown}
 l - 2 scrolls of identify {unknown}
 m - 2 scrolls of enchant armour {unknown}
 o - a scroll of immolation {unknown}
Potions
 f - 2 potions of berserk rage {unknown}
 j - 2 potions of ambrosia {unknown}
 k - 2 potions of curing {unknown}
 p - a potion of invisibility {unknown}
 q - a potion of attraction {unknown}


   Skills:
 + Level 5.1 Fighting
 * Level 3.6 Maces & Flails
 - Level 2.6 Dodging
 - Level 3.0 Shields


You had 3 spell levels left.
You didn't know any spells.
Your spell library was empty.

Dungeon Overview and Level Annotations

Branches:
Dungeon (3/15)

Altars:

Shops:
D:1 :

Annotations:
D:3 Ijyb


Innate Abilities, Weirdness & Mutations

You are too large for most types of armour.
You have tough skin. (AC +1)


Message History

You closely miss Ijyb. The hobgoblin hits you.
Ijyb zaps a wand.
Your will is overpowered!
You are confused.
You miss Ijyb. The hobgoblin barely misses you. Ijyb barely misses you.
The hobgoblin closely misses you. Ijyb barely misses you.
You bump into the rock wall.
The hobgoblin barely misses you. Ijyb barely misses you.
You closely miss Ijyb. The hobgoblin hits you. Ijyb hits you with a +0 club.
You barely miss Ijyb. The hobgoblin barely misses you.
Ijyb hits you with a +0 club. The hobgoblin closely misses you.
You closely miss Ijyb. Ijyb hits you with a +0 club.
* * * LOW HITPOINT WARNING * * *
The hobgoblin hits you but does no damage.
Ijyb hits you with a +0 club.
* * * LOW HITPOINT WARNING * * *
You sock Ijyb!
Ijyb is severely wounded.
You feel less confused. You block the hobgoblin's attack.
Ijyb zaps a wand.
Your will is overpowered!
You are confused.
You bump into the rock wall.
The hobgoblin closely misses you.
Ijyb zaps a wand.
Your will is overpowered!
You are more confused.
Unknown command.
You bump into the rock wall.
The hobgoblin hits you.
* * * LOW HITPOINT WARNING * * *
Ijyb closely misses you.
You bump into the rock wall.
The hobgoblin hits you but does no damage.
Ijyb barely misses you.
Unknown command.
You barely miss Ijyb.
Ijyb is severely wounded.
The hobgoblin hits you.
* * * LOW HITPOINT WARNING * * *
Ijyb barely misses you. The hobgoblin hits you.
* * * LOW HITPOINT WARNING * * *
You miss Ijyb.
Ijyb is severely wounded.
Ijyb hits you with a +0 club.
You die...

#.. ....# #.. ....#
#.##g.# #..g.#
#...## ##..#
####g.## #gggg..#
#@####.# ##.# .# ..
#..# .#
..########## ##.##
.# #.........# #..#
.# #.........# #.##
#.........# #.#
##.........###.####
....)......##.....#


You could see Ijyb, 3 hobgoblins and a goblin.

Vanquished Creatures
  Robin (D:2)
  2 adders (D:2)
  2 worms (D:2)
  A dart slug (D:1)
  2 ball pythons (D:1)
  5 bats
  2 giant cockroaches (D:2)
  13 goblins
  7 hobgoblins
  4 jackals (D:2)
  4 quokkas
  5 frilled lizards
  A kobold (D:1)
49 creatures vanquished.

Notes
Turn   | Place    | Note
-------+----------+-------------------------------------------
     0 | D:1      | greasedhog the Ogre Fighter began the quest for the Orb.
     0 | D:1      | Reached XP level 1. HP: 24/24 MP: 1/1
    75 | D:1      | Reached XP level 2. HP: 32/32 MP: 2/2
   209 | D:1      | Found Peziom's Book Emporium.
   467 | D:2      | Reached XP level 3. HP: 40/40 MP: 3/3
   590 | D:2      | Noticed Robin
   595 | D:2      | Killed Robin
   596 | D:2      | Reached XP level 4. HP: 45/49 MP: 4/4
   764 | D:2      | HP: 2/49 [adder (3)]
   766 | D:2      | Reached skill level 5 in Fighting
  1642 | D:3      | Noticed Ijyb
  1680 | D:3      | Slain by Ijyb

Illustrated notes

Levels and vault maps discovered:
D:1:      lightli_arrival_statuegarden, layout_rooms, serial_shops,
          shop_fountains
D:2:      layout_basic, minivault_19, minmay_cupped, uniq_robin
D:3:      layout_rooms, portal_sewer_entry_a, hangedman_decor_push,
          nicolae_goblin_pals

Skill      XL: |  1  2  3  4 |
---------------+-------------+-----
Maces & Flails | 2 3 |  3.6
Fighting       | 5 |  5.1
Dodging        | |  2.6
Shields        | |  3.0

Action                     |  1- 3 |  4- 6 || total
---------------------------+-------+-------++-------
  Melee: Flail             |    73 |    91 ||   164
    Use: Potion            |       |     1 ||     1
   Stab: Sleeping          |     1 |       ||     1
 Armour: Robe              |    48 |    82 ||   130
  Dodge: Dodged            |    37 |    44 ||    81
  Block: Kite shield       |    31 |    36 ||    67

Table legend: (Time is in decaauts)
 A = Elapsed time spent in this place.
 B = Non-inter-level travel time spent in this place.
 C = Inter-level travel time spent in this place.
 D = Time resting spent in this place.
 E = Time spent auto-exploring this place.
 F = Levels seen in this place.
 G = Mean time per level.
                   A        B        C        D        E       F      G
               +--------+--------+--------+--------+--------+-----+--------+
         Total |   1741 |   1691 |     50 |    241 |   1067 |   3 |  580.3 |
       Dungeon |   1741 |   1691 |     50 |    241 |   1067 |   3 |  580.3 |
               +--------+--------+--------+--------+--------+-----+--------+

Top non-repeatable levels by time:
     D:2: 1206 daAuts
     D:1: 459 daAuts
     D:3: 75 daAuts
